 Dungeon Crawl Stone Soup version 0.31.0-9-g3a7656b989 (webtiles) character file.

Game seed: 96088654949549137

1008 qw the Nimble (level 8, -16/39 HPs)
             Began as a Spriggan Hunter on Feb 2, 2024.
             Was an Initiate of Okawaru.
             Blown up by Maggie (17 damage)
             ... with a mindburst bolt
             ... on level 6 of the Dungeon.
             The game lasted 00:00:19 (4096 turns).

qw the Nimble (Spriggan Hunter)                     Turns: 4096, Time: 00:00:19

Health: -16/39     AC:  2    Str:  7    XL:     8   Next: 1%
Magic:  8/9        EV: 23    Int: 10    God:    Okawaru [......]
Gold:   251        SH:  0    Dex: 21    Spells: 7/7 levels left

rFire   . . .        a - +2 shortbow
rCold   . . .        (shield currently unavailable)
rNeg    . . .        c - +0 robe
rPois   +            (helmet restricted)
rElec   .            (no cloak)
rCorr   .            (gloves unavailable)
SInv    +            (boots unavailable)
Will    +....        (no amulet)
Stlth   ++           g - ring of poison resistance
HPRegen 0.26/turn    (no ring)
MPRegen 0.11/turn

%: no passive effects
@: mesmerised, very quick
A: very small, no large weapons, unfitting armour, see invisible, speed 3
a: Renounce Religion


You were on level 6 of the Dungeon.
You worshipped Okawaru.
Okawaru was noncommittal.
You visited 2 branches of the dungeon, and saw 7 of its levels.

You collected 251 gold pieces.


Innate Abilities, Weirdness & Mutations

You are very small and have problems with some larger weapons.
You are too small for most types of armour.
You have supernaturally acute eyesight. (SInv)
You cover ground extremely quickly. (Speed+++)


   Skills:
 + Level 2.1 Fighting
 - Level 8.0 Ranged Weapons
 - Level 8.1 Dodging
 - Level 1.5 Stealth


You had 7 spell levels left.
You didn't know any spells.
Your spell library was empty.

Inventory:

Hand Weapons
 a - a +2 shortbow (weapon)
Armour
 c - a +0 robe (worn)
Jewellery
 g - a ring of poison resistance (left hand)
Wands
 b - a wand of paralysis (8) (quivered)
Potions
 d - a potion of brilliance {unknown}
 e - a potion of ambrosia {unknown}
 h - 2 potions of might
 i - 3 potions of curing

Dungeon Overview and Level Annotations

Branches:
Dungeon (6/15)             Temple (1/1) D:5

Altars:
Ashenzari
Dithmenos
Fedhas
Hepliaklqana
Kikubaaqudgha
Nemelex Xobeh
Okawaru
Ru
Uskayaw
Vehumet
Wu Jian
Xom
Yredelemnul
Zin

Shops:
D:2 (

Annotations:
D:5 3 runed translucent doors, qw's ghost, novice SpHu
D:6 Maggie


Message History

You can no longer gain great but temporary skills.
You shoot an arrow.
Maggie shouts!
The arrow hits Maggie.
Maggie is lightly wounded.
You shoot an arrow.
The arrow hits Maggie but does no damage.
Maggie is lightly wounded.
Maggie says, "Leave now, and tell all of Margery's mercy!"
Maggie gestures wildly while chanting.
Maggie attempts to bespell you!
You are mesmerised by Maggie!
You shoot an arrow. The arrow hits Maggie!
Maggie is moderately wounded.
You shoot an arrow. The arrow hits Maggie.
Maggie is moderately wounded.
You shoot an arrow. The arrow hits Maggie!
Maggie is heavily wounded.
Maggie points at you and mumbles some strange words.
The bolt of fire misses you.
You shoot an arrow. The arrow barely misses Maggie.
You shoot an arrow. The arrow closely misses Maggie.
You shoot an arrow. The arrow hits Maggie!
Maggie is heavily wounded.
You shoot an arrow. The arrow barely misses Maggie.
You shoot an arrow. The arrow barely misses Maggie.
Maggie completely misses you.
You shoot an arrow. The arrow barely misses Maggie.
Maggie zaps a wand.
Your mind is blasted!
You shoot an arrow. The arrow closely misses Maggie.
You feel like a meek peon again. Maggie gestures at you while chanting.
The bolt of fire hits you!!
Ouch! That really hurt!
4096 ||| ZAPPING wand of paralysis (9) at 0,2 (Maggie; floor).
Aiming: Paralyse
Press: ? - help, Q - select action, (/) - cycle Shift-Dir - straight line, f/p - Maggie Maggie resists with some effort.
Maggie zaps a wand.
Your mind is blasted!
You die...

......#....#..#
......#.......#
......#.......#
......#.......#
......#.......#
......#.......#
......#.......#
......##################
................@.......
.###'#..................
.#...#......>...@.....=.
.#...#..................
.#...#.<...........[....
.#...#######.......####+
.#...# #.......# ##...#
#.......# .....


You could see Maggie (mesmerising).

Vanquished Creatures
  Grinder (D:5)
  Menkaure (D:5)
  5 wights (D:6)
  2 hounds
  3 orc priests
  A bombardier beetle (D:3)
  2 jellies (D:5)
  An iguana (D:5)
  An orc wizard (D:5)
  5 adders
  2 ufetubi (D:6)
  A dart slug (D:2)
  8 orcs
  9 endoplasms
  5 giant cockroaches
  8 goblins
  7 hobgoblins
  8 jackals (D:1)
  3 kobolds
  A quokka (D:1)
  8 ball pythons
  8 bats
  2 frilled lizards
  2 rats (D:1)
94 creatures vanquished.

Notes
Turn   | Place    | Note
-------+----------+-------------------------------------------
     0 | D:1      | qw the Spriggan Hunter began the quest for the Orb.
     0 | D:1      | Reached XP level 1. HP: 10/10 MP: 2/2
     0 | D:1      | 0 ||| qw: Version: 0.3-a-155-g5e7d8dd
     0 | D:1      | 0 ||| qw: Game counter: 1904
     0 | D:1      | 0 ||| qw: Melee chars always use a shield: true
     0 | D:1      | 0 ||| qw: God list: Okawaru
     0 | D:1      | 0 ||| qw: Allow faded altars: false
     0 | D:1      | 0 ||| qw: Do Orc after clearing Dungeon:15 true
     0 | D:1      | 0 ||| qw: Do second Lair branch before Depths: true
     0 | D:1      | 0 ||| qw: Lair rune preference: random
     0 | D:1      | 0 ||| qw: Goals: Normal
     0 | D:1      | 0 ||| PLANNING D:1-11
    15 | D:1      | Reached skill level 3 in Dodging
    72 | D:1      | Reached XP level 2. HP: 14/14 MP: 3/3
   351 | D:1      | Reached XP level 3. HP: 18/18 MP: 4/4
   694 | D:1      | 694 ||| READING scroll labelled YDEH VUJERIF.
   795 | D:1      | 795 ||| READING scroll labelled XUACRO IMOENKUXT.
   796 | D:1      | 796 ||| READING 2 scrolls labelled GENICVEJUU.
   796 | D:1      | 796 ||| IDENTIFYING lumpy amethyst potion
   797 | D:1      | 797 ||| READING scroll of identify.
   797 | D:1      | 797 ||| IDENTIFYING orange potion
   798 | D:1      | 798 ||| DROPPING scroll of butterflies.
   799 | D:1      | 799 ||| DROPPING potion of degeneration.
   800 | D:1      | 800 ||| DROPPING potion of berserk rage.
  1031 | D:2      | Found Felegei's Weapon Emporium.
  1429 | D:2      | 1429 ||| DROPPING scarf of harm.
  1430 | D:2      | 1430 ||| UPGRADING to ring of poison resistance.
  1431 | D:2      | 1431 ||| READING 3 scrolls of identify.
  1431 | D:2      | 1431 ||| IDENTIFYING brown potion
  1432 | D:2      | 1432 ||| READING 2 scrolls of identify.
  1432 | D:2      | 1432 ||| IDENTIFYING sedimented pink potion
  1433 | D:2      | 1433 ||| READING scroll of identify.
  1433 | D:2      | 1433 ||| IDENTIFYING scroll labelled ISOHIS KICZUG
  1434 | D:2      | 1434 ||| READING scroll labelled ZUIRUF CIOCSYUC.
  1435 | D:2      | 1435 ||| READING scroll labelled UNUDOHAXKE.
  1439 | D:2      | 1439 ||| READING scroll labelled IRUPLAWEEJ.
  1440 | D:2      | 1440 ||| DROPPING scroll of summoning.
  1441 | D:2      | 1441 ||| DROPPING potion of lignification.
  1530 | D:3      | Reached XP level 4. HP: 22/22 MP: 5/5
  2030 | D:3      | 2030 ||| READING scroll labelled VEBRITROSIOCH.
  2031 | D:3      | 2031 ||| READING scroll labelled WAATUWN QOZOST.
  2031 | D:3      | 2031 ||| ENCHANTING +0 shortbow.
  2032 | D:3      | 2032 ||| DRINKING 2 sedimented green potions.
  2190 | D:4      | Reached XP level 5. HP: 26/26 MP: 6/6
  2252 | D:4      | 2252 ||| READING scroll of enchant weapon.
  2252 | D:4      | 2252 ||| ENCHANTING +1 shortbow.
  2385 | D:4      | You fall into a shaft and drop 2 floors!
  2386 | D:6      | 2386 ||| READING 3 scrolls labelled WAELUF WEIFUC.
  2487 | D:6      | 2487 ||| DROPPING 2 scrolls of silence.
  2497 | D:5      | Entered Level 5 of the Dungeon
  2503 | D:5      | Noticed Grinder
  2509 | D:5      | Killed Grinder
  2510 | D:5      | Reached skill level 6 in Ranged Weapons
  2510 | D:5      | Reached XP level 6. HP: 30/30 MP: 7/7
  2865 | D:5      | Reached skill level 6 in Dodging
  2884 | D:5      | Found a staircase to the Ecumenical Temple.
  2885 | D:5      | 2885 ||| PLANNING TEMPLE
  2886 | D:5      | 2886 ||| DRINKING 3 golden potions.
  2891 | D:5      | Reached XP level 7. HP: 19/35 MP: 8/8
  2973 | Temple   | Entered the Ecumenical Temple
  2974 | Temple   | 2974 ||| PLANNING OKAWARU WORSHIP
  2981 | Temple   | Became a worshipper of Warmaster Okawaru
  2982 | Temple   | 2982 ||| PLANNING D:1-11
  3135 | D:5      | Found a runed translucent gate.
  3135 | D:5      | Found a runed translucent gate.
  3138 | D:5      | Found a runed translucent gate.
  3149 | D:5      | Noticed qw's ghost (novice SpHu)
  3236 | D:5      | Noticed Menkaure
  3240 | D:5      | Killed Menkaure
  3451 | D:6      | Noticed Maggie
  3455 | D:6      | 3455 ||| FLEEEEING.
  3456 | D:6      | 3456 ||| FLEEEEING.
  3457 | D:6      | 3457 ||| FLEEEEING.
  3458 | D:6      | 3458 ||| FLEEEEING.
  3460 | D:6      | 3460 ||| FLEEEEING.
  3461 | D:6      | 3461 ||| FLEEEEING.
  3462 | D:6      | 3462 ||| FLEEEEING.
  3464 | D:6      | 3464 ||| STAIRDANCE
  3543 | D:6      | 3543 ||| STAIRDANCE
  3639 | D:6      | 3639 ||| STAIRDANCE
  3742 | D:6      | HP: 8/33 [Maggie/+1 glaive of draining (18)]
  3742 | D:6      | HP: 2/31 [Maggie/+1 glaive of draining (6)]
  3743 | D:6      | 3743 ||| READING scroll of teleportation.
  3744 | D:6      | 3744 ||| DRINKING potion of heal wounds.
  3904 | D:6      | HP: 8/35 [wight/+3 halberd (6)]
  3911 | D:6      | HP: 4/35 [wight/+3 halberd (6)]
  3913 | D:6      | Reached * piety under Okawaru
  3914 | D:6      | Reached XP level 8. HP: 3/39 MP: 9/9
  4083 | D:6      | 4083 ||| INVOKING Heroism.
  4095 | D:6      | HP: 1/39 [Maggie/bolt of fire (31)]
  4096 | D:6      | 4096 ||| ZAPPING wand of paralysis (9) at 0,2 (Maggie;
                  | floor).
  4096 | D:6      | Blown up by Maggie

Levels and vault maps discovered:
D:1:      dpeg_arrival_rooms_b, layout_basic
D:2:      layout_loops_ring, serial_shops, nicolae_shop_trees
D:3:      layout_rooms
D:4:      layout_loops_ring
D:5:      layout_rooms, minmay_temple_entry_junction_2,
          gammafunk_ghost_necromancy, uniq_menkaure, uniq_grinder
D:6:      layout_gridville, minitemple, serial_shops, shop, uniq_maggie
Temple:   nicolae_temple_two_arcs

Skill      XL: |  1  2  3  4  5  6  7 |
---------------+----------------------+-----
Dodging        | 3 4 5 6 8 |  8.1
Ranged Weapons | 5 6 7 8 |  8.0
Fighting       | 2 |  2.1
Stealth        | |  1.5

Action                     |  1- 3 |  4- 6 |  7- 9 || total
---------------------------+-------+-------+-------++-------
   Fire: Shortbow          |   101 |   106 |   106 ||   313
 Invoke: Heroism           |       |       |     1 ||     1
  Evoke: Wand              |       |       |     1 ||     1
    Use: Scroll            |    10 |     4 |     1 ||    15
         Potion            |       |     2 |     1 ||     3
 Armour: Robe              |     8 |     8 |    15 ||    31
  Dodge: Dodged            |    22 |    21 |    34 ||    77

Table legend:
 A = Non-vault XP
 B = Vault XP
 C = Vault XP percentage of total XP
 D = Non-vault monster count
 E = Vault monster count
 F = Vault count percentage of total count
                 A         B        C        D         E       F
            +---------+---------+-------+---------+---------+-------
      Total |     992 |     449 |  31.2 |      92 |       2 |   2.1
            +---------+---------+-------+---------+---------+-------
        D:1 |      57 |       0 |   0.0 |      33 |       0 |   0.0
        D:2 |      18 |       0 |   0.0 |       9 |       0 |   0.0
        D:3 |      81 |       0 |   0.0 |      15 |       0 |   0.0
        D:4 |     159 |       0 |   0.0 |      16 |       0 |   0.0
        D:5 |     297 |     449 |  60.2 |      12 |       2 |  14.3
        D:6 |     380 |       0 |   0.0 |       7 |       0 |   0.0
            +---------+---------+-------+---------+---------+-------
